TOP OF THE 1ST |
St. Louis Browns batting - Pitching for Nashville G-Strings : RHP Bennie Jones
|
Pitching: RHP Bennie Jones
|
|
Batting: LHB Clinton Clark
|
0-0: Ball 1-0: Ball 2-0: Fly out, F9 (Flyball, 9LM)
|
Batting: RHB Mario Rosales
|
0-0: Called Strike 0-1: Ball 1-1: Ground out 1-3 (Groundball, 13S)
|
Batting: LHB Mike Hill
|
0-0: Ball 1-0: Foul Ball, location: 2F 1-1: Ground out 4-3 (Groundball, 34)
|
Top of the 1st over - 0 run(s), 0 hit(s), 0 error(s), 0 left on base; St. Louis 0 - Nashville 0 |
BOTTOM OF THE 1ST |
Nashville G-Strings batting - Pitching for St. Louis Browns : RHP Aaron Palmer
|
Pitching: RHP Aaron Palmer
|
|
Batting: SHB Jorge Flores
|
0-0: Ball 1-0: Fly out, F7 (Flyball, 7S)
|
Batting: LHB Jesús Núñez
|
0-0: Called Strike 0-1: Ball 1-1: Fly out, F8 (Line Drive, 8RM)
|
Batting: RHB Sergio Márquez
|
0-0: Called Strike 0-1: Fly out, F9 (Flyball, 89S)
|
Bottom of the 1st over - 0 run(s), 0 hit(s), 0 error(s), 0 left on base; St. Louis 0 - Nashville 0 |
TOP OF THE 2ND |
St. Louis Browns batting - Pitching for Nashville G-Strings : RHP Bennie Jones
|
Batting: RHB Carlos Alfaro
|
0-0: Ball 1-0: Called Strike 1-1: Ball 2-1: Ball 3-1: Ground out 5-3 (Groundball, 56)
|
Batting: RHB Jeff Jones
|
0-0: Swinging Strike 0-1: Ball 1-1: Foul Ball, location: 2F 1-2: Ball 2-2: Fly out, F8 (Flyball, 8LXD)
|
Batting: LHB Jorge Torres
|
0-0: Ball 1-0: Fly out, F9 (Flyball, 9S)
|
Top of the 2nd over - 0 run(s), 0 hit(s), 0 error(s), 0 left on base; St. Louis 0 - Nashville 0 |
BOTTOM OF THE 2ND |
Nashville G-Strings batting - Pitching for St. Louis Browns : RHP Aaron Palmer
|
Batting: LHB George Smith
|
0-0: Called Strike 0-1: Foul Ball, location: 2F 0-2: Ball 1-2: Foul Ball, location: 2F 1-2: Strikes out looking
|
Batting: RHB Vicente Aguirre
|
0-0: Called Strike 0-1: Swinging Strike 0-2: Ball 1-2: Foul Ball, location: 2F 1-2: Ball 2-2: Ball 3-2: Ground out U3 (Groundball, 3S)
|
Batting: RHB António Ortega
|
0-0: Called Strike 0-1: Fly out, F7 (Flyball, 7LM)
|
Bottom of the 2nd over - 0 run(s), 0 hit(s), 0 error(s), 0 left on base; St. Louis 0 - Nashville 0 |
TOP OF THE 3RD |
St. Louis Browns batting - Pitching for Nashville G-Strings : RHP Bennie Jones
|
Batting: SHB David Johnstone
|
0-0: Called Strike 0-1: Foul Ball, location: 2F 0-2: Ball 1-2: Strikes out swinging
|
Batting: LHB Dave Watson
|
0-0: Called Strike 0-1: Ball 1-1: Foul Ball, location: 2F 1-2: Ball 2-2: Ball 3-2: Strikes out swinging
|
Batting: LHB Bill Murphy
|
0-0: Ball 1-0: Ball 2-0: Fly out, F6 (Flyball, 6MD)
|
Top of the 3rd over - 0 run(s), 0 hit(s), 0 error(s), 0 left on base; St. Louis 0 - Nashville 0 |
BOTTOM OF THE 3RD |
Nashville G-Strings batting - Pitching for St. Louis Browns : RHP Aaron Palmer
|
Batting: SHB Rob Grun
|
0-0: SINGLE (Groundball, 6MD)
|
Batting: RHB Greg King
|
0-0: Called Strike 0-1: Foul Ball, location: 2F 0-2: Ball 1-2: TRIPLE (Flyball, 78M) Rob Grun scores
|
Batting: RHB Juan Costello
|
0-0: Fly out, F9 (Flyball, 9) Runner from 3rd tags up, SCORES, no throw
|
Batting: SHB Jorge Flores
|
0-0: Fly out, F3 (Popup, 34)
|
Batting: LHB Jesús Núñez
|
0-0: Ball 1-0: Called Strike 1-1: Ball 2-1: Ground out 4-3 (Groundball, 4)
|
Bottom of the 3rd over - 2 run(s), 2 hit(s), 0 error(s), 0 left on base; St. Louis 0 - Nashville 2 |
TOP OF THE 4TH |
St. Louis Browns batting - Pitching for Nashville G-Strings : RHP Bennie Jones
|
Batting: LHB Clinton Clark
|
0-0: Called Strike 0-1: Ball 1-1: Foul Ball, location: 2F 1-2: Foul Ball, location: 2F 1-2: Foul Ball, location: 2F 1-2: Ball 2-2: Strikes out looking
|
Batting: RHB Mario Rosales
|
0-0: Swinging Strike 0-1: Ball 1-1: Foul Ball, location: 2F 1-2: Ball 2-2: SINGLE (Groundball, 5S) (infield hit)
|
Batting: LHB Mike Hill
|
0-0: Called Strike 0-1: Foul Ball, location: 2F 0-2: Ball 1-2: Fly out, F7 (Line Drive, 78M)
|
Batting: RHB Carlos Alfaro
|
0-0: Ball 1-0: Called Strike 1-1: Foul Ball, location: 2F 1-2: Foul Ball, location: 2F 1-2: Fielders Choice at 2nd, 5-4 (Groundball, 5L)
|
Top of the 4th over - 0 run(s), 1 hit(s), 0 error(s), 0 left on base; St. Louis 0 - Nashville 2 |
BOTTOM OF THE 4TH |
Nashville G-Strings batting - Pitching for St. Louis Browns : RHP Aaron Palmer
|
Batting: RHB Sergio Márquez
|
0-0: Ball 1-0: Ball 2-0: Called Strike 2-1: DOUBLE (Line Drive, 8LD)
|
Batting: LHB George Smith
|
0-0: Called Strike 0-1: Called Strike 0-2: Ball 1-2: Strikes out swinging
|
Batting: RHB Vicente Aguirre
|
0-0: Fly out, F9 (Flyball, 9LS)
|
Batting: RHB António Ortega
|
0-0: Ball 1-0: Ball 2-0: Called Strike 2-1: Ground out 6-3 (Groundball, 56)
|
Bottom of the 4th over - 0 run(s), 1 hit(s), 0 error(s), 1 left on base; St. Louis 0 - Nashville 2 |
TOP OF THE 5TH |
St. Louis Browns batting - Pitching for Nashville G-Strings : RHP Bennie Jones
|
Batting: RHB Jeff Jones
|
0-0: Called Strike 0-1: Ball 1-1: Ball 2-1: Ball 3-1: Called Strike 3-2: Strikes out swinging
|
Batting: LHB Jorge Torres
|
0-0: Ball 1-0: Called Strike 1-1: Ball 2-1: Ball 3-1: Swinging Strike 3-2: SINGLE (Groundball, 6MD)
|
Batting: SHB David Johnstone
|
0-0: Ball 1-0: Ball 2-0: Foul Ball, location: 2F 2-1: Swinging Strike 2-2: Fly out, F5 (Popup, 56)
|
Batting: LHB Dave Watson
|
0-0: Swinging Strike 0-1: Ball 1-1: Fly out, F7 (Flyball, 7LS)
|
Top of the 5th over - 0 run(s), 1 hit(s), 0 error(s), 1 left on base; St. Louis 0 - Nashville 2 |
BOTTOM OF THE 5TH |
Nashville G-Strings batting - Pitching for St. Louis Browns : RHP Aaron Palmer
|
Batting: SHB Rob Grun
|
0-0: Ball 1-0: Called Strike 1-1: Swinging Strike 1-2: Foul Ball, location: 2F 1-2: Ground out 4-3 (Groundball, 4)
|
Batting: RHB Greg King
|
0-0: Called Strike 0-1: Ball 1-1: Foul Ball, location: 2F 1-2: Strikes out swinging, 2-3 out at first.
|
Batting: RHB Juan Costello
|
0-0: Called Strike 0-1: Ball 1-1: Swinging Strike 1-2: Strikes out swinging
|
Bottom of the 5th over - 0 run(s), 0 hit(s), 0 error(s), 0 left on base; St. Louis 0 - Nashville 2 |
TOP OF THE 6TH |
St. Louis Browns batting - Pitching for Nashville G-Strings : RHP Bennie Jones
|
Batting: LHB Bill Murphy
|
0-0: Ball 1-0: Ball 2-0: Foul Ball, location: 2F 2-1: Bunt for hit - play at first, batter safe!
|
Batting: LHB Clinton Clark
|
0-0: Swinging Strike 0-1: Called Strike 0-2: Ball 1-2: Strikes out swinging Bill Murphy is caught stealing 2nd base Batter strikes out.
|
Batting: RHB Mario Rosales
|
0-0: SINGLE (Groundball, 4) (infield hit)
|
Batting: LHB Mike Hill
|
0-0: Called Strike 0-1: Foul Ball, location: 2F 0-2: Fly out, F8 (Line Drive, 8RD)
|
Top of the 6th over - 0 run(s), 2 hit(s), 0 error(s), 1 left on base; St. Louis 0 - Nashville 2 |
BOTTOM OF THE 6TH |
Nashville G-Strings batting - Pitching for St. Louis Browns : RHP Aaron Palmer
|
Batting: SHB Jorge Flores
|
0-0: Ball 1-0: Called Strike 1-1: Ball 2-1: Foul Ball, location: 2F 2-2: Strikes out swinging
|
Batting: LHB Jesús Núñez
|
0-0: Called Strike 0-1: Called Strike 0-2: Ball 1-2: Foul Ball, location: 2F 1-2: Fly out, F7 (Flyball, 7)
|
Batting: RHB Sergio Márquez
|
0-0: Ball 1-0: Swinging Strike 1-1: Ball 2-1: Ball 3-1: Called Strike 3-2: Base on Balls
|
Batting: LHB George Smith
|
0-0: Swinging Strike 0-1: Ball 1-1: Foul Ball, location: 2F 1-2: Foul Ball, location: 2F 1-2: Ground out 3-1 (Groundball, 34S)
|
Bottom of the 6th over - 0 run(s), 0 hit(s), 0 error(s), 1 left on base; St. Louis 0 - Nashville 2 |
TOP OF THE 7TH |
St. Louis Browns batting - Pitching for Nashville G-Strings : RHP Bennie Jones
|
Batting: RHB Carlos Alfaro
|
0-0: Ball 1-0: Foul Ball, location: 2F 1-1: Called Strike 1-2: Ground out 6-3 (Groundball, 6)
|
Batting: RHB Jeff Jones
|
0-0: Ball 1-0: Fly out, F7 (Line Drive, 7)
|
Batting: LHB Jorge Torres
|
0-0: Fly out, F7 (Flyball, 7)
|
Top of the 7th over - 0 run(s), 0 hit(s), 0 error(s), 0 left on base; St. Louis 0 - Nashville 2 |
BOTTOM OF THE 7TH |
Nashville G-Strings batting - Pitching for St. Louis Browns : RHP Aaron Palmer
|
Batting: RHB Vicente Aguirre
|
0-0: Called Strike 0-1: Called Strike 0-2: Ball 1-2: Strikes out swinging
|
Batting: RHB António Ortega
|
0-0: Swinging Strike 0-1: Called Strike 0-2: Ball 1-2: Ball 2-2: Ball 3-2: Ground out 6-3 (Groundball, 6MS)
|
Batting: SHB Rob Grun
|
0-0: SINGLE (Groundball, 3D)
|
Batting: RHB Greg King
|
0-0: SINGLE (Groundball, 4MD) Rob Grun to second Runner from 2nd tries for 3rd, SAFE, throw made to third
|
Batting: RHB Juan Costello
|
0-0: Ball 1-0: Ball Greg King steals 2nd base 2-0: Ball 3-0: Called Strike 3-1: Called Strike 3-2: Ground out 6-3 (Groundball, 6)
|
Bottom of the 7th over - 0 run(s), 2 hit(s), 0 error(s), 2 left on base; St. Louis 0 - Nashville 2 |
TOP OF THE 8TH |
St. Louis Browns batting - Pitching for Nashville G-Strings : RHP Bennie Jones
|
Batting: SHB David Johnstone
|
0-0: Called Strike 0-1: Ball 1-1: Called Strike 1-2: Ground out U3 (Groundball, 3L)
|
Batting: LHB Dave Watson
|
0-0: Called Strike 0-1: Ground out 3-1 (Groundball, 34)
|
Batting: LHB Bill Murphy
|
0-0: Ball 1-0: Foul Ball, location: 2F 1-1: Ball 2-1: Ground out 1-3 (Groundball, 13)
|
Top of the 8th over - 0 run(s), 0 hit(s), 0 error(s), 0 left on base; St. Louis 0 - Nashville 2 |
BOTTOM OF THE 8TH |
Nashville G-Strings batting - Pitching for St. Louis Browns : RHP Aaron Palmer
|
Pitching: RHP Beau Brown
|
|
Batting: SHB Jorge Flores
|
0-0: Foul Ball, location: 2F 0-1: Ball 1-1: Ball 2-1: Foul Ball, location: 2F 2-2: Fly out, F8 (Flyball, 8LD)
|
Batting: LHB Jesús Núñez
|
0-0: Called Strike 0-1: Foul Ball, location: 2F 0-2: Foul Ball, location: 2F 0-2: Strikes out swinging
|
Batting: RHB Sergio Márquez
|
0-0: Called Strike 0-1: Swinging Strike 0-2: Ball 1-2: DOUBLE (Groundball, 5L)
|
Pitching: LHP Luis Noriega
|
|
Batting: LHB George Smith
|
0-0: Ball 1-0: Ball 2-0: Called Strike 2-1: Fly out, F7 (Line Drive, 78M)
|
Bottom of the 8th over - 0 run(s), 1 hit(s), 0 error(s), 1 left on base; St. Louis 0 - Nashville 2 |
TOP OF THE 9TH |
St. Louis Browns batting - Pitching for Nashville G-Strings : RHP Bennie Jones
|
Batting: LHB Clinton Clark
|
0-0: Ball 1-0: Ball 2-0: Called Strike 2-1: Ball 3-1: Base on Balls
|
Pitching: RHP Junior Mateo
|
|
Pinch Hitting: LHB Bob Ware
|
0-0: Ball 1-0: Swinging Strike 1-1: Foul Ball, location: 2F 1-2: Foul Ball, location: 2F 1-2: Fly out, F8 (Flyball, 89D)
|
Batting: LHB Mike Hill
|
0-0: Ball 1-0: Foul Ball, location: 2F 1-1: Ball 2-1: Ball 3-1: Foul Ball, location: 2F 3-2: Fly out, F3 (Line Drive, 3)
|
Batting: RHB Carlos Alfaro
|
0-0: Ball 1-0: Foul Ball, location: 2F 1-1: Foul Ball, location: 2F 1-2: Ball 2-2: Foul Ball, location: 2F 2-2: Foul Ball, location: 2F 2-2: Foul Ball, location: 2F 2-2: Foul Ball, location: 2F 2-2: Ball 3-2: Foul Ball, location: 2F 3-2: SINGLE (Line Drive, 9S) Clinton Clark to second Clinton Clark to third
|
Batting: RHB Jeff Jones
|
0-0: Ball 1-0: Ball 2-0: Fly out, F2 (Popup, 23)
|
Top of the 9th over - 0 run(s), 1 hit(s), 0 error(s), 2 left on base; St. Louis 0 - Nashville 2 |
|